 Dungeon Crawl Stone Soup version 0.20-a0-3-g334f831 (webtiles) character file.

10798 wazuzu the Archer (level 11, 0/78 HPs)
             Began as a High Elf Gladiator on Oct 30, 2016.
             Was a Priest of Dithmenos.
             Slain by a hippogriff (2 damage)
             ... on level 1 of the Lair of Beasts.
             The game lasted 00:43:00 (14712 turns).

wazuzu the Archer (High Elf Gladiator)             Turns: 14712, Time: 00:43:00

Health: 0/78       AC:  8    Str: 30    XL:     11   Next: 40%
Magic:  0/12       EV: 16    Int: 13    God:    Dithmenos [***...]
Gold:   511        SH:  4    Dex: 17    Spells: 0 memorised, 10 levels left

rFire  . . .     SeeInvis .     b - +0 long sword
rCold  . . .     Gourm    .     e - +0 troll leather armour
rNeg   . . .     Faith    .     (no shield)
rPois  .         Spirit   +     c - +1 helmet
rElec  .         Reflect  .     (no cloak)
rCorr  .         Harm     .     (no gloves)
MR     +++..                    u - +0 pair of boots
Stlth  ++........               k - amulet "Zynutzus" {Spirit MR+ Str+4}
                                w - ring of protection from magic
                                m - +5 ring of strength

@: mighty, wreathed by umbra
A: large bone plates 1
a: Shadow Step, Renounce Religion


You were on level 1 of the Lair of Beasts.
You worshipped Dithmenos.
Dithmenos was most pleased with you.
You were hungry.

You visited 3 branches of the dungeon, and saw 12 of its levels.
You also visited: Sewer.

You collected 511 gold pieces.

Inventory:

Hand Weapons
 a - a +0 shortbow
 b - a +0 long sword (weapon)
Missiles
 l - 119 arrows
Armour
 c - a +1 helmet (worn)
 e - a +0 troll leather armour (worn)
 u - a +0 pair of boots (worn)
Jewellery
 d - an uncursed ring of ice
 g - an uncursed amulet of guardian spirit {unknown}
 j - an uncursed amulet of rage {unknown}
 k - the amulet "Zynutzus" (around neck) {Spirit MR+ Str+4}
   (You found it on level 4 of the Dungeon)

   [amulet of guardian spirit]

   It causes incoming damage to be split between your health and magic.
   It affects your strength (+4).
   It affects your resistance to hostile enchantments.
 m - a +5 ring of strength (left hand)
 w - a ring of protection from magic (right hand)
 C - an uncursed ring of protection from cold {unknown}
Wands
 F - a wand of iceblast (8/15)
 G - a wand of lightning (9/15)
Scrolls
 q - 2 scrolls of recharging
 s - a scroll of fog
 v - a scroll of blinking
 x - 6 scrolls of enchant armour
 y - a scroll of amnesia
 A - 2 scrolls of teleportation
 B - 6 scrolls of remove curse
Potions
 o - 5 potions of flight
 p - 3 potions of cancellation
 E - 3 potions of brilliance
 H - 2 potions of mutation {unknown}
Books
 i - a book of Power

   Spells                             Type                      Level
   a - Fulminant Prism                Conjuration/Hexes            4
   b - Iskenderun's Mystic Blast      Conjuration                  4
   c - Venom Bolt                     Conjuration/Poison           5
   d - Bolt of Magma                  Conjuration/Fire/Earth       5
   e - Iron Shot                      Conjuration/Earth            6
   f - Orb of Destruction             Conjuration                  7
   g - Spellforged Servitor           Conjuration/Summoning        7
Comestibles
 f - 6 bread rations
 h - 4 royal jellies
 n - 9 slices of pizza
 t - 9 chunks of flesh
 z - a meat ration


   Skills:
 + Level 8.3 Fighting
 - Level 10.6 Long Blades
 - Level 14.0 Bows
 - Level 2.0 Throwing
 - Level 6.1 Armour
 - Level 6.2 Dodging


You had 10 spell levels left.
You didn't know any spells.

Dungeon Overview and Level Annotations

Branches:
Dungeon (10/15)            Temple (1/1) D:7            Lair (1/6) D:10
    Orc: D:9-12

Altars:
Ashenzari
Cheibriados
Dithmenos
Elyvilon
Fedhas
Gozag
Hepliaklqana
Kikubaaqudgha
Makhleb
Nemelex Xobeh
Okawaru
Qazlal
Ru
Sif Muna
Trog
Uskayaw
Vehumet
Xom
Yredelemnul
Zin
The Shining One


Innate Abilities, Weirdness & Mutations

You are partially covered in large bone plates. (SH +4)


Message History

You miss the wolf.
The wolf is almost dead.
The wolf barely misses you.
You riposte.
You hit the wolf but do no damage.
The wolf is almost dead.
The hippogriff closely misses you. The hippogriff pecks you.
* * * LOW HITPOINT WARNING * * *
The hippogriff barely misses you.
You feel very mighty all of a sudden. The wolf bites you.
* * * LOW HITPOINT WARNING * * *
You block the hippogriff's attack. The hippogriff misses you.
The hippogriff claws you but does no damage.
The wolf bites you!
* * * LOW HITPOINT WARNING * * *
You slash the wolf!
You kill the wolf!
Dithmenos accepts your kill.
The hippogriff bites you but does no damage.
The hippogriff closely misses you. The hippogriff claws you.
You die...

♣|..........♣ ♣♣♣♣♣♣♣♣♣♣♣♣♣
# #### #♣♣♣♣ ...# ##...#
...# #....# ..### ##...#
....## #...# .....### #†@.#
.......##### #†H.# ### .
...........####...###..#...
##...........#.....#....S..
###.......................
###.....................
#P#.................#.
#######.(........####
###....#.###


You could see a hippogriff.

Vanquished Creatures
  Fannar (Lair:1)
  Nergalle (Lair:1)
  2 hill giants (D:9)
  A troll (D:10)
  A hornet (D:8)
  5 blink frogs (Lair:1)
  A wraith (D:10)
  A wyvern (D:9)
  6 yaks
  The ghost of Philosophy the Shooter, an amateur CeHu (D:3)
  3 hungry ghosts (D:7)
  Edmund (D:5)
  3 water moccasins
  2 sky beasts
  7 orc warriors
  5 ice beasts
  A necrophage (D:8)
  4 ogres
  2 phantoms
  3 wolves (Lair:1)
  5 centaurs
  3 crocodiles (D:10)
  5 bullfrogs
  3 scorpions
  A water moccasin skeleton (D:5)
  5 killer bees (D:9)
  3 wights (D:8)
  A howler monkey (D:8)
  A crimson imp (D:10)
  A bullfrog zombie (D:9)
  2 quasits
  A bullfrog skeleton (D:10)
  4 hounds
  3 jellies
  7 orc priests
  A gnoll shaman (D:4)
  10 orc wizards
  Jessica (D:2)
  Ijyb (D:2)
  A worker ant (D:6)
  Natasha (thrice) (D:2 D:4)
  A hound zombie (D:9)
  3 hound skeletons
  3 worker ant zombies
  Robin (D:2)
  10 adders
  4 gnolls (D:4)
  4 river rats
  2 shadow imps
  2 oozes
  An adder skeleton (D:8)
  5 worms
  2 dart slugs (D:1)
  9 leopard geckos
  27 orcs
  6 ball pythons
  7 giant cockroaches
  6 hobgoblins
  10 jackals
  3 quokkas
  A ball python skeleton (D:4)
  16 bats
  5 frilled lizards
  17 goblins
  24 kobolds
  A leopard gecko skeleton (D:5)
  3 quokka skeletons
  43 rats
  3 fungi (D:4)
332 creatures vanquished.

Vanquished Creatures (others)
  A quokka (D:5)
  19 fungi
  13 plants (D:10)
33 creatures vanquished.

Grand Total: 365 creatures vanquished

Notes
Turn   | Place    | Note
-------+----------+-------------------------------------------
     0 | D:1      | wazuzu the High Elf Gladiator began the quest for the Orb.
     0 | D:1      | Reached XP level 1. HP: 14/14 MP: 2/2
   431 | D:1      | Reached XP level 2. HP: 14/19 MP: 3/3
  1169 | D:1      | Found a shimmering altar of Xom.
  1173 | D:1      | Found a hazy altar of Hepliaklqana.
  1173 | D:1      | Found an ancient bone altar of Kikubaaqudgha.
  1175 | D:1      | Reached skill level 5 in Long Blades
  1177 | D:1      | Found a basalt altar of Yredelemnul.
  1177 | D:1      | Found a shattered altar of Ashenzari.
  1177 | D:1      | Found a glowing silver altar of Zin.
  1253 | D:1      | Reached XP level 3. HP: 24/24 MP: 4/4
  1490 | D:2      | Noticed Ijyb
  1535 | D:2      | Killed Ijyb
  1551 | D:2      | Noticed Natasha
  1564 | D:2      | Killed Natasha
  1564 | D:2      | Reached XP level 4. HP: 12/29 MP: 5/5
  1876 | D:2      | Noticed Jessica
  1881 | D:2      | Killed Jessica
  2136 | D:2      | Noticed Natasha
  2145 | D:2      | Killed Natasha
  2145 | D:2      | Reached XP level 5. HP: 26/34 MP: 6/6
  2440 | D:2      | Noticed Robin
  2470 | D:2      | Killed Robin
  2997 | D:3      | Noticed Philosophy's ghost (amateur CeHu)
  3015 | D:3      | Killed Philosophy's ghost
  3015 | D:3      | Reached XP level 6. HP: 27/39 MP: 7/7
  3236 | D:3      | Found a glowing golden altar of the Shining One.
  3709 | D:4      | Got a flickering graven amulet
  4060 | D:4      | Found a glowing drain.
  4106 | Sewer    | Entered a sewer
  4188 | Sewer    | Identified the amulet "Zynutzus" {Spirit MR+ Str+4} (You found it on level 4 of the Dungeon)
  4456 | Sewer    | Reached XP level 7. HP: 40/45 MP: 8/8
  4958 | D:4      | Found a blossoming altar of Fedhas.
  5068 | D:4      | Noticed Natasha
  5074 | D:4      | Killed Natasha
  5074 | D:4      | Reached skill level 10 in Long Blades
  5353 | D:4      | Found a faded altar of an unknown god.
  5353 | D:4      | Found a faded altar of an unknown god.
  5360 | D:4      | Found a faded altar of an unknown god.
  5362 | D:4      | Found a faded altar of an unknown god.
  5363 | D:4      | Found a snail-covered altar of Cheibriados.
  5426 | D:5      | Entered Level 5 of the Dungeon
  5496 | D:5      | Found a bloodstained altar of Trog.
  5666 | D:5      | Got an encrusted falchion
  5667 | D:5      | Identified the cursed +1 falchion of the Beginning {slice, *Contam rF- rN+++ Int+3} (You found it on level 5 of the Dungeon)
  5731 | D:5      | Reached skill level 2 in Bows
  5929 | D:5      | Reached skill level 3 in Bows
  5976 | D:5      | Reached skill level 4 in Bows
  6032 | D:5      | Reached skill level 5 in Bows
  6032 | D:5      | Reached XP level 8. HP: 23/50 MP: 4/9
  6220 | D:5      | Found a white marble altar of Elyvilon.
  6273 | D:5      | Reached skill level 6 in Bows
  6394 | D:5      | Noticed Edmund
  6416 | D:5      | Killed Edmund
  6590 | D:5      | Reached skill level 7 in Bows
  6907 | D:6      | Reached skill level 8 in Bows
  7061 | D:6      | Reached skill level 9 in Bows
  7527 | D:6      | Reached skill level 10 in Bows
  7661 | D:6      | Found a sparkling altar of Nemelex Xobeh.
  7837 | D:7      | Found a staircase to the Ecumenical Temple.
  7849 | Temple   | Entered the Ecumenical Temple
  7993 | Temple   | Became a worshipper of Dithmenos the Shadowed
  8120 | D:7      | Reached XP level 9. HP: 30/54 MP: 2/10
  8263 | D:7      | Reached skill level 11 in Bows
  8556 | D:7      | Reached * piety under Dithmenos
  8971 | D:7      | Reached skill level 5 in Fighting
  9522 | D:8      | Paralysed by a hornet for 2 turns
  9534 | D:8      | HP: 4/96 [poisoned by a hornet]
  9929 | D:8      | Reached skill level 1 in Armour
 10043 | D:8      | Reached XP level 10. HP: 71/71 MP: 11/11
 11041 | D:9      | Reached ** piety under Dithmenos
 11145 | D:9      | Noticed a hill giant
 11158 | D:9      | Killed a hill giant
 11531 | D:9      | Reached skill level 5 in Dodging
 11830 | D:9      | Reached skill level 5 in Armour
 12247 | D:10     | Entered Level 10 of the Dungeon
 12267 | D:9      | Noticed a hill giant
 12282 | D:9      | Killed a hill giant
 13152 | D:10     | Reached skill level 12 in Bows
 13214 | D:10     | Reached *** piety under Dithmenos
 13315 | D:10     | Found a staircase to the Lair.
 13725 | Lair:1   | Entered Level 1 of the Lair of Beasts
 13748 | Lair:1   | Reached XP level 11. HP: 75/75 MP: 12/12
 13790 | Lair:1   | Reached skill level 13 in Bows
 13883 | Lair:1   | Noticed Nergalle
 13883 | Lair:1   | Noticed Fannar
 13886 | Lair:1   | Gained mutation: You are partially covered in large bone plates. (SH +4) [potion of beneficial mutation]
 13890 | Lair:1   | Noticed a spectral orc warlord
 13922 | Lair:1   | Killed Fannar
 13949 | Lair:1   | Killed Nergalle
 13949 | Lair:1   | Reached skill level 14 in Bows
 14711 | Lair:1   | HP: 1/77 [wolf (7)]
 14712 | Lair:1   | Slain by a hippogriff

Vault maps used:
D:1:      evilmike_arrival_hilbert_curve, doesnt_xom_only_xom
D:2:      uniq_jessica, uniq_robin, uniq_iyjb, uniq_natasha
D:3:      tso_altar, minmay_misc_feat_rugged, grunt_ministairs_15, nrook_uturn
D:4:      fedhas_altar_3, chequers_temple_overflow_minitemple,
          gup_sewer_entry_spiral, first_bread
D:5:      basic_altar, elyvilon_altar_4, uniq_edmund
D:6:      nicolae_zen_rock_garden, nemelex_spade_bored_becter
D:9:      abandoned_shop, grunt_pizzeria, minmay_misc_feat_more_columns
D:10:     grunt_lair_entry_orc_guard_hut
Temple:   dpeg_five_rooms_temple
Lair:1:   bh_autumn_forest_stairs, uniq_nergalle, uniq_fannar
Sewer:    sewer_minmay_treatment

Skill      XL: |  1  2  3  4  5  6  7  8  9 10 11 |
---------------+----------------------------------+-----
Long Blades    | 4 5 6 8 9 10 | 10.6
Bows           | 5 10 11 12 14 | 14.0
Fighting       | 7 8 |  8.3
Armour         | 1 6 |  6.1
Dodging        | 6 |  6.2
Throwing       | |  2.0

Action                   |  1- 3 |  4- 6 |  7- 9 | 10-12 || total
-------------------------+-------+-------+-------+-------++-------
Melee: Long sword        |    96 |   274 |   133 |    68 ||   571
       Falchion          |       |       |   387 |       ||   387
 Fire: Shortbow          |       |       |    31 |   508 ||   539
Evoke: Wand              |       |     2 |       |       ||     2
  Use: Scroll            |     6 |     2 |    10 |     7 ||    25
       Potion            |       |       |     8 |    13 ||    21
  Eat: Chunk             |     2 |    10 |    11 |     5 ||    28
       Bread ration      |       |       |     1 |       ||     1
       Meat ration       |       |       |     1 |     1 ||     2
       Pizza             |       |       |     2 |     2 ||     4
       Beef jerky        |       |       |     2 |       ||     2
Armor: Leather armour    |    11 |       |       |       ||    11
       Ring mail         |    23 |    72 |   151 |    53 ||   299
       Troll leather arm |       |       |       |    31 ||    31
Dodge: Dodged            |    67 |   167 |   219 |   343 ||   796
Block: Other             |       |       |       |    26 ||    26
       Rpst.: Long sword |    18 |    56 |    28 |    22 ||   124
       Falchion          |       |       |    40 |       ||    40
